 Dungeon Crawl Stone Soup version 0.27.0-1-g7a089689b8 (webtiles) character file.

Game seed: 11742033209007655514

833 Spaninq the Cutter (level 7, -1/42 HPs)
             Began as a Deep Elf Fighter on Aug 9, 2021.
             Was a Believer of Lugonu.
             Slain by an orc warrior (18 damage)
             ... on level 7 of the Dungeon.
             The game lasted 00:14:03 (5922 turns).

Spaninq the Cutter (Deep Elf Fighter)               Turns: 5922, Time: 00:14:04

Health: -1/42      AC: 13    Str: 15    XL:     7   Next: 66%
Magic:  9/9        EV:  5    Int: 13    God:    Lugonu [**....]
Gold:   256        SH:  5    Dex: 14    Spells: 6/6 levels left

rFire    . . .     SeeInvis .   a - +1 rapier
rCold    . . .     Faith    .   o - +0 buckler
rNeg     . . .     Spirit   .   b - +0 plate armour
rPois    .         Reflect  .   (no helmet)
rElec    .         Harm     .   (no cloak)
rCorr    .         Rampage  .   t - +1 pair of gloves
Will     +....                  (no boots)
Stlth    ..........             (no amulet)
HPRegen  0.14/turn              f - ring of flight
MPRegen  0.11/turn              j - ring of willpower

@: flying
A: no striking features
a: Renounce Religion, Depart the Abyss, Bend Space


You were on level 7 of the Dungeon.
You worshipped Lugonu.
Lugonu was pleased with you.
You visited 1 branch of the dungeon, and saw 6 of its levels.

You collected 256 gold pieces.

Inventory:

Hand Weapons
 a - a +1 rapier (weapon)
 n - a +0 shortbow
Missiles
 g - 10 poisoned darts (quivered)
 p - 22 arrows
Armour
 b - a +0 plate armour (worn)
 c - a +0 kite shield
 o - a +0 buckler (worn)
 t - a +1 pair of gloves (worn)
Jewellery
 f - a ring of flight (left hand)
 i - a ring of willpower
 j - a ring of willpower (right hand)
 m - a ring of protection from fire
Wands
 k - a wand of charming (8)
Scrolls
 e - 2 scrolls of teleportation
 h - a scroll of identify
 l - 2 scrolls of blinking
 q - a scroll of magic mapping
Potions
 d - a potion of might
 r - a potion of curing {unknown}
 s - a potion of heal wounds {unknown}


   Skills:
 + Level 3.8 Fighting
 * Level 5.4 Short Blades
 + Level 3.8 Armour
 + Level 4.1 Dodging
 + Level 3.4 Shields


You had 6 spell levels left.
You didn't know any spells.
Your spell library contained the following spells:

 Spells                   Type           Power      Damage    Failure   Level
 Sublimation of Blood     Necr           0%         N/A       100%        2
 Wereblood                Tmut           0%         N/A       100%        2
 Dazzling Flash           Conj/Hex       0%         N/A       100%        3
 Agony                    Necr           0%         N/A       100%        5
 Silence                  Hex/Air        0%         N/A       100%        5
 Summon Hydra             Summ           0%         N/A       100%        7


Dungeon Overview and Level Annotations

Branches:
Dungeon (5/15)
 Temple: D:4-7

Altars:
Gozag
Qazlal
Sif Muna
Trog
Xom
Zin
Lugonu


Message History

The centaur hits you but does no damage.
You block the centaur's attack.
You hit the centaur.
The centaur is severely wounded.
The centaur hits you but does no damage.
The centaur kicks you but does no damage.
You closely miss the centaur.
The centaur is severely wounded.
The centaur hits you but does no damage.
The centaur kicks you but does no damage.
The centaur hits you. You block the centaur's attack.
You puncture the centaur!
You kill the centaur!
Lugonu accepts your kill.
Things that are here:
a +0 shortbow; 22 arrows
n - a +0 shortbow;
p - 22 arrows An orc and an orc warrior come into view.
The orc warrior shouts!
The orc shouts!
You hear a shout!
Throw: 12 darts (poison)
Press: ? - help, Q - select action, (/) - cycle Shift-Dir - straight line, f - orc warrior
Aim: an orc warrior, wielding a +0 dire flail and wearing a +0 chain mail (53% to hit)
You throw a poisoned dart.
The poisoned dart barely misses the orc warrior.
Throw: 11 darts (poison)
Press: ? - help, Q - select action, (/) - cycle Shift-Dir - straight line, f/p - orc warrior
Aim: an orc warrior, wielding a +0 dire flail and wearing a +0 chain mail (52% to hit)
You throw a poisoned dart.
The poisoned dart barely misses the orc warrior.
You hit the orc warrior but do no damage.
The orc warrior hits you with a +0 dire flail!
You closely miss the orc warrior.
The orc warrior hits you with a +0 dire flail!
You hit the orc warrior.
The orc warrior is lightly wounded.
The orc warrior hits you with a +0 dire flail.
You hit the orc warrior but do no damage.
The orc warrior is lightly wounded.
The orc warrior hits you with a +0 dire flail!!
You die...

.. . ##. #.. #
#.# #
#o##.##.#
#.o.....#
######(#
#..@oo(#
..#.###.######
........#
>...##### ##


You could see an orc warrior and an orc.

Vanquished Creatures
  2 yaks (D:4)
  A centaur (D:7)
  An ogre (D:5)
  A kobold brigand (D:4)
  A water moccasin skeleton (D:5)
  A bullfrog skeleton (D:5)
  Jessica (D:2)
  An iguana (D:5)
  A hound skeleton (D:4)
  8 adders
  3 gnolls
  A white imp (D:5)
  2 worms
  4 dart slugs
  An orc (D:5)
  8 endoplasms
  3 goblins
  7 hobgoblins
  2 jackals (D:1)
  2 kobolds
  A quokka (D:2)
  7 ball pythons
  3 bats
  3 frilled lizards
  7 rats
72 creatures vanquished.

Vanquished Creatures (others)
  An ogre (D:5)
1 creature vanquished.

Grand Total: 73 creatures vanquished

Notes
Turn   | Place    | Note
-------+----------+-------------------------------------------
     0 | D:1      | Spaninq the Deep Elf Fighter began the quest for the Orb.
     0 | D:1      | Reached XP level 1. HP: 13/13 MP: 3/3
   371 | D:1      | Reached XP level 2. HP: 16/18 MP: 4/4
   683 | D:1      | Reached skill level 1 in Dodging
   784 | D:2      | Reached XP level 3. HP: 13/22 MP: 5/5
  1013 | D:2      | Noticed Jessica
  1020 | D:2      | Killed Jessica
  1021 | D:2      | Reached skill level 3 in Short Blades
  1375 | D:2      | Reached XP level 4. HP: 27/27 MP: 6/6
  2804 | D:3      | Found a faded altar of an unknown god.
  2811 | D:3      | Became a worshipper of Lugonu the Unformed
  2811 | D:3      | Reached * piety under Lugonu
  2811 | D:3      | Reached ** piety under Lugonu
  3087 | D:4      | Noticed a yak
  3097 | D:4      | Noticed a yak
  3213 | D:4      | Reached XP level 5. HP: 29/32 MP: 7/7
  3328 | D:4      | Noticed a yak
  3331 | D:4      | Noticed a yak
  3332 | D:4      | Noticed a yak
  3342 | D:4      | Killed a yak
  3343 | D:4      | Reached skill level 4 in Short Blades
  3343 | D:4      | Reached XP level 6. HP: 37/37 MP: 8/8
  3385 | D:4      | Killed a yak
  4077 | D:4      | Reached XP level 7. HP: 33/41 MP: 9/9
  4591 | D:5      | Entered Level 5 of the Dungeon
  4599 | D:5      | Found a stormy altar of Qazlal.
  4618 | D:5      | Identified the +3 dagger of Apnala Tugyo {vamp, Fragile
                  | rF++ Will++ Dex-3}
  4983 | D:5      | Found an opulent altar of Gozag.
  5048 | D:5      | Reached skill level 5 in Short Blades
  5837 | D:5      | Found a bloodstained altar of Trog.
  5840 | D:5      | Found a glowing silver altar of Zin.
  5841 | D:5      | Found a shimmering blue altar of Sif Muna.
  5841 | D:5      | Found a shimmering altar of Xom.
  5895 | D:5      | You are sucked into a shaft and drop 2 floors!
  5922 | D:7      | Slain by an orc warrior

Illustrated notes

Levels and vault maps discovered:
D:1:      dpeg_chamrin_arrival_tetris, layout_basic
D:2:      layout_loops_ring, minmay_misc_feat_alley, uniq_jessica
D:3:      layout_basic, shapermc_ecumenical_altar_pompeii, minmay_cut_off
D:4:      layout_basic
D:5:      layout_loops_ring, grunt_qazlal_sundering,
          nicolae_gozag_cash_rules_everything_around_me,
          grunt_temple_overflow_open, dk_noncrumbling_4, lemuel_flamethrower_2
D:7:      layout_loops_cross, minmay_temple_entry_waves, grunt_decor_fettered,
          minmay_misc_feat_cross

Skill      XL: |  1  2  3  4  5  6  7 |
---------------+----------------------+-----
Dodging        | 1 2 3 4 |  4.1
Short Blades   | 3 4 5 |  5.4
Armour         | 3 |  3.8
Fighting       | 3 |  3.8
Shields        | 3 |  3.4

Action                   |  1- 3 |  4- 6 |  7- 9 || total
-------------------------+-------+-------+-------++-------
Melee: Rapier            |    50 |    83 |    73 ||   206
Throw: Dart              |    39 |    80 |    13 ||   132
       Throwing net      |       |     1 |       ||     1
  Use: Scroll            |       |     5 |     2 ||     7
Armor: Scale mail        |    20 |    29 |    16 ||    65
       Plate armour      |       |       |    16 ||    16
Dodge: Dodged            |    22 |    36 |    23 ||    81
Block: Buckler           |       |     3 |    13 ||    16
